 Dungeon Crawl Stone Soup version 0.17-a0-2030-g9ce824c (webtiles) character file.

865 Ordine the Skirmisher (level 8, -1/58 HPs)
             Began as an Octopode Fighter on Oct 11, 2015.
             Slain by an adder (4 damage)
             ... on level 5 of the Dungeon.
             The game lasted 00:12:36 (4741 turns).

Ordine the Skirmisher (Octopode Fighter)            Turns: 4741, Time: 00:12:36

Health: -1/58      AC:  1    Str: 16    XL:     8   Next: 3%
Magic:  8/8        EV: 10    Int: 10    God:
Gold:   226        SH: 10    Dex: 13    Spells: 0 memorised, 7 levels left

rFire  . . .     SeeInvis .     a - +1 long sword
rCold  . . .     Clarity  .     b - +1 shield
rNeg   . . .     SustAt   .     (helmet restricted)
rPois  .         Gourm    .     (no amulet)
rElec  .         Spirit   .     (no ring)
rCorr  .         Warding  .     (no ring)
rMut   .         Stasis   .     (no ring)
MR     .....                    (no ring)
Stlth  ++........               (no ring)
                                (no ring)
                                (no ring)
                                (no ring)

@: not resistant to hostile enchantments, unstealthy
A: almost no armour, amphibious, 8 rings, constrict 8, camouflage 1, gelatinous
body 1
a: no special abilities


You were on level 5 of the Dungeon.
You were very hungry.

You visited 2 branches of the dungeon, and saw 6 of its levels.

You collected 226 gold pieces.

Inventory:

Hand Weapons
 a - a +1 long sword (weapon)
Missiles
 e - 7 tomahawks
 f - 29 poisoned needles
 g - 101 stones (quivered)
Armour
 b - a +1 shield (worn)
Scrolls
 n - a scroll of teleportation
 o - 4 scrolls of fog
Potions
 c - a potion of might
 h - 2 potions of degeneration {unknown}
 j - 2 potions of resistance {unknown}
 k - a potion of haste {unknown}
 l - 4 potions of heal wounds {unknown}
 p - a potion of poison {unknown}
 q - a potion of experience {unknown}
Books
 r - a book of Changes

   Spells                             Type                      Level
   a - Beastly Appendage              Transmutation                1
   b - Sticks to Snakes               Transmutation                2
   c - Spider Form                    Transmutation/Poison         3
   d - Ice Form                       Ice/Transmutation            4
   e - Blade Hands                    Transmutation                5
Comestibles
 d - 4 bread rations
 i - a slice of pizza


   Skills:
 + Level 6.8 Fighting
 + Level 6.5 Long Blades
 - Level 3.0 Dodging
 - Level 3.0 Shields


You had 7 spell levels left.
You didn't know any spells.

Dungeon Overview and Level Annotations

Branches:
Dungeon (5/15)             Temple (1/1) D:4

Altars:
Ashenzari
Elyvilon
Fedhas
Gozag
Kikubaaqudgha
Makhleb
Nemelex Xobeh
Okawaru
Qazlal
Ru
Yredelemnul
Zin


Innate Abilities, Weirdness & Mutations

You cannot wear most types of armour.
You are amphibious.
You can wear up to eight rings at the same time.
You can use your tentacles to constrict eight enemies at once.
Your skin changes colour to match your surroundings (Stealth).
Your rubbery body absorbs attacks (AC +1).


Message History

You hit Grinder but do no damage. You squeeze Grinder, but do no damage.
Grinder is almost dead.
You constrict Grinder.
Grinder gestures.
Grinder struggles to blink free from constriction.
You hit Grinder.
Grinder is almost dead.
You constrict Grinder.
You kill Grinder!
You have reached level 8!
You see here an inky potion.
Drink which item? (? for menu, Esc to quit)
Okay, then.
You miss the adder. Your grab misses the adder. You block the adder's attack.
You slash the adder! Your grab misses the adder.
The adder is severely wounded.
The adder bites you.
* * * LOW HITPOINT WARNING * * *
The adder bites you.
You die...

## .. .###
##...#.
.......
####...%..#
#..@......#
#..S†.....#
#.........#
##.#......#
#.##...>.#
#.# #....#
#.# #.#..
./< ....
#.# ##.


You could see an adder.

Vanquished Creatures
  The ghost of Adamkad1 the Ruffian, an amateur TrMo (D:4)
  Grinder (D:5)
  A vampire bat (D:3)
  A crimson imp (D:4)
  A giant frog zombie (D:4)
  An orc priest (D:4)
  2 worker ants (D:4)
  3 adders
  4 gnolls (D:3)
  3 oozes
  3 worms
  3 fire bats (D:3)
  5 giant geckos
  3 orcs (D:4)
  2 spectral bats (D:3)
  A ball python (D:2)
  3 bat skeletons (D:3)
  A bat zombie (D:3)
  4 hobgoblins
  A quokka (D:3)
  17 bats
  A bat simulacrum (D:3)
  5 giant cockroaches
  5 giant newts
  10 goblins
  6 jackals (D:1)
  7 kobolds
  8 rats
103 creatures vanquished.

Notes
Turn   | Place    | Note
--------------------------------------------------------------
     0 | D:1      | Ordine the Octopode Fighter began the quest for the Orb.
     0 | D:1      | Reached XP level 1. HP: 16/16 MP: 1/1
     0 | D:1      | Noticed a gargoyle
     0 | D:1      | Noticed a minotaur
     0 | D:1      | Noticed a vampire
     2 | D:1      | Noticed a vine stalker zombie
     2 | D:1      | Noticed a minotaur
     4 | D:1      | Noticed a minotaur zombie
     6 | D:1      | Noticed a vampire
    12 | D:1      | Noticed an octopode zombie
    14 | D:1      | Noticed a troll
    14 | D:1      | Noticed a vine stalker
    16 | D:1      | Noticed a ghoul
    18 | D:1      | Noticed a merfolk skeleton
    22 | D:1      | Noticed a troll skeleton
   380 | D:1      | Reached XP level 2. HP: 2/21 MP: 2/2
  1426 | D:1      | Reached XP level 3. HP: 22/26 MP: 3/3
  1741 | D:2      | Reached skill level 4 in Fighting
  2388 | D:3      | Reached XP level 4. HP: 20/33 MP: 4/4
  2821 | D:3      | Found a faded altar to an unknown god.
  3030 | D:3      | Reached XP level 5. HP: 26/38 MP: 5/5
  3397 | D:3      | Reached skill level 5 in Fighting
  3397 | D:3      | Reached XP level 6. HP: 13/45 MP: 6/6
  3758 | D:4      | Noticed Adamkad1's ghost (amateur TrMo)
  3799 | D:4      | Killed Adamkad1's ghost
  3799 | D:4      | Reached skill level 6 in Fighting
  3799 | D:4      | Reached skill level 5 in Long Blades
  3799 | D:4      | Reached XP level 7. HP: 42/52 MP: 7/7
  4299 | D:4      | Found a staircase to the Ecumenical Temple.
  4309 | Temple   | Entered the Ecumenical Temple
  4712 | D:5      | Entered Level 5 of the Dungeon
  4712 | D:5      | Noticed Grinder
  4717 | D:5      | Paralysed by Grinder for 3 turns
  4723 | D:5      | Paralysed by Grinder for 6 turns
  4727 | D:5      | HP: 1/53 [Grinder (6)]
  4738 | D:5      | Killed Grinder
  4738 | D:5      | Reached XP level 8. HP: 5/58 MP: 8/8
  4741 | D:5      | Slain by an adder

Vault maps used:
D:1:      shiori_arrival_whats_in_store_for_you, bh_walls_and_bars
D:2:      first_bread
D:3:      ecumenical_altar_1, goddamned_bats
D:4:      lemuel_temple_firewalk_marked
D:5:      nemelex_deck, uniq_grinder
Temple:   oiseaux_autumnal_temple_12

Action                   |  1- 3 |  4- 6 |  7- 9 || total
-------------------------+-------+-------+-------++-------
Melee: Long sword        |   109 |   105 |    33 ||   247
Throw: Tomahawk          |     3 |       |       ||     3
       Stone             |     5 |     6 |       ||    11
  Use: Scroll            |     5 |     5 |       ||    10
       Potion            |       |     1 |     3 ||     4
 Stab: Sleeping          |     5 |     3 |     2 ||    10
  Eat: Chunk             |     4 |     5 |     2 ||    11
